 Dungeon Crawl Stone Soup version 0.19.1-1-g22dce08 (webtiles) character file.

364 Alarkh the Chopper (level 6, -13/47 HPs)
             Began as a Demonspawn Monk on Jan 5, 2017.
             Mangled by theAP's ghost (15 damage)
             ... on level 4 of the Dungeon.
             The game lasted 00:03:46 (2863 turns).

Alarkh the Chopper (Demonspawn Monk)                Turns: 2863, Time: 00:03:47

Health: -13/47     AC:  5    Str: 12    XL:     6   Next: 39%
Magic:  6/6        EV: 13    Int: 13    God:
Gold:   27         SH:  0    Dex: 15    Spells: 0 memorised, 5 levels left

rFire  . . .     SeeInvis .     a - +0 hand axe
rCold  . . .     Gourm    .     b - +0 robe
rNeg   . . .     Faith    .     (no shield)
rPois  .         Spirit   .     f - +0 helmet (curse)
rElec  .         Reflect  .     (no cloak)
rCorr  .         Harm     .     (no gloves)
MR     .....                    (no boots)
Stlth  ++........               (no amulet)
                                (no ring)
                                (no ring)

@: lethally poisoned (-13 -> -15), very slightly contaminated
A: hooves 1, molten scales 1, spiny 1
a: no special abilities


You were on level 4 of the Dungeon.
You were hungry.

You visited 1 branch of the dungeon, and saw 4 of its levels.

You collected 118 gold pieces.
You spent 91 gold pieces at shops.

Inventory:

Hand Weapons
 a - a +0 hand axe (weapon)
Armour
 b - a +0 robe (worn)
 f - a cursed +0 helmet (worn)
Wands
 m - a wand of flame (25/48)
Scrolls
 e - 2 scrolls of identify
 g - 3 scrolls of remove curse {unknown}
 h - a scroll of recharging {unknown}
 j - a scroll of random uselessness {unknown}
 r - a scroll of immolation {unknown}
 s - a scroll of fog {unknown}
 t - 2 scrolls of teleportation {unknown}
 v - a scroll of noise {unknown}
 x - a scroll of enchant armour {unknown}
 y - 2 scrolls of magic mapping {unknown}
 A - a scroll of fear {unknown}
Potions
 d - a potion of cure mutation
 k - a potion of invisibility
 l - a potion of heal wounds
 n - 2 potions of resistance {unknown}
 o - a potion of flight {unknown}
 p - a potion of cancellation {unknown}
 q - a potion of degeneration {unknown}
 u - 2 potions of agility {unknown}
 w - a potion of magic {unknown}
 B - a potion of curing {unknown}
 C - 2 potions of brilliance {unknown}
 E - a potion of might
Comestibles
 c - 2 bread rations
 i - a beef jerky
 z - 9 chunks of flesh


   Skills:
 - Level 3.0 Fighting
 + Level 6.6 Axes
 - Level 2.6 Dodging
 - Level 1.7 Stealth


You had 5 spell levels left.
You didn't know any spells.

Dungeon Overview and Level Annotations

Branches:
Dungeon (4/15)
 Temple: D:4-7

Altars:

Shops:
D:4 !

Annotations:
D:4 theAP's ghost, amateur HOFi


Innate Abilities, Weirdness & Mutations

You have large cloven feet.
You are partially covered in molten scales. (AC +2)
You are partially covered in sharp spines.


Message History

* * * LOW HITPOINT WARNING * * *
You feel sick.
* * * LOW HITPOINT WARNING * * *
You feel sick.
Found a metal-bound book.
Found a throwing net.
You are feeling hungry.
* * * LOW HITPOINT WARNING * * *
You feel sick.
* * * LOW HITPOINT WARNING * * *
You feel sick.
* * * LOW HITPOINT WARNING * * *
You feel sick.
You see here a throwing net.
* * * LOW HITPOINT WARNING * * *
You feel sick. The scorpion is struck by your spines.
The scorpion stings you but does no damage.
TheAP's ghost is struck by your spines. TheAP's ghost hits you!
You die...

############
#...s@.....#
########(..W......#
........:.........#
.#.........########
#.........#
##.........##
............###
##...).........
#.........####


You could see a scorpion and theAP's ghost.

Vanquished Creatures
  An ogre (D:4)
  A bullfrog (D:3)
  2 howler monkeys (D:4)
  A hound (D:3)
  3 adders
  An ooze (D:1)
  2 worms (D:2)
  2 dart slugs
  2 leopard geckos (D:2)
  3 orcs (D:3)
  10 bats
  6 giant cockroaches
  8 goblins
  8 hobgoblins
  3 jackals (D:1)
  2 quokkas
  A ball python (D:1)
  4 frilled lizards
  8 kobolds
  9 rats
77 creatures vanquished.

Notes
Turn   | Place    | Note
-------+----------+-------------------------------------------
     0 | D:1      | Alarkh the Demonspawn Monk began the quest for the Orb.
     0 | D:1      | Reached XP level 1. HP: 18/18 MP: 1/1
    26 | D:1      | Reached skill level 3 in Axes
   215 | D:1      | Gained mutation: You are partially covered in sharp spines. [demonic ancestry]
   215 | D:1      | Reached XP level 2. HP: 24/24 MP: 2/2
   714 | D:1      | Reached XP level 3. HP: 24/29 MP: 3/3
   850 | D:1      | Reached skill level 4 in Axes
  1822 | D:2      | Gained mutation: You are partially covered in molten scales. (AC +2) [demonic ancestry]
  1822 | D:2      | Reached XP level 4. HP: 35/35 MP: 4/4
  2600 | D:3      | Noticed a bullfrog
  2604 | D:3      | Killed a bullfrog
  2604 | D:3      | Reached skill level 5 in Axes
  2604 | D:3      | Reached XP level 5. HP: 41/41 MP: 5/5
  2732 | D:4      | Found Gobbuboe's Distillery.
  2771 | D:4      | Bought a potion of lignification for 39 gold pieces
  2771 | D:4      | Bought a potion of might for 52 gold pieces
  2772 | D:4      | Noticed an ogre
  2780 | D:4      | Noticed an ogre
  2783 | D:4      | Killed an ogre
  2783 | D:4      | Reached skill level 6 in Axes
  2783 | D:4      | Gained mutation: You have large cloven feet. [demonic ancestry]
  2783 | D:4      | Reached XP level 6. HP: 45/47 MP: 6/6
  2797 | D:4      | Noticed theAP's ghost (amateur HOFi)
  2858 | D:4      | HP: 2/47 [poisoned by a scorpion]
  2863 | D:4      | Mangled by theAP's ghost

Skill      XL: |  1  2  3  4  5 |
---------------+----------------+-----
Axes           | 3 4 5 6 |  6.6
Fighting       | |  3.0
Dodging        | |  2.6
Stealth        | |  1.7

Action                   |  1- 3 |  4- 6 || total
-------------------------+-------+-------++-------
Melee: Hand axe          |   126 |    87 ||   213
       Kick              |       |     3 ||     3
Evoke: Wand              |       |     3 ||     3
  Use: Scroll            |       |     4 ||     4
       Potion            |       |     3 ||     3
 Stab: Sleeping          |     4 |     1 ||     5
       Distracted        |     2 |       ||     2
       Invisible         |       |     6 ||     6
  Eat: Chunk             |     3 |     3 ||     6
Armor: Robe              |    24 |    11 ||    35
       Skin              |       |    40 ||    40
Dodge: Dodged            |    82 |    30 ||   112
